 Dungeon Crawl Stone Soup version 0.17-a0-1939-ga475588 (webtiles) character file.

3 Geeful the Covered (level 1, -1/13 HPs)
             Began as a Human Wanderer on Sept 29, 2015.
             Slain by a giant newt (3 damage)
             ... on level 1 of the Dungeon.
             The game lasted 00:01:27 (368 turns).

Geeful the Covered (Human Wanderer)                  Turns: 368, Time: 00:01:27

Health: -1/13      AC:  5    Str: 14    XL:     1   Next: 55%
Magic:  1/1        EV: 10    Int: 11    God:
Gold:   8          SH:  0    Dex: 11    Spells: 0 memorised, 0 levels left

rFire  . . .     SeeInvis .       - Unarmed
rCold  . . .     Clarity  .     d - +0 ring mail
rNeg   . . .     SustAt   .     (no shield)
rPois  .         Gourm    .     (no helmet)
rElec  .         Spirit   .     (no cloak)
rCorr  .         Warding  .     (no gloves)
rMut   .         Stasis   .     (no boots)
MR     .....                    (no amulet)
Stlth  +.........               (no ring)
                                (no ring)

@: not resistant to hostile enchantments, very unstealthy
A: no striking features
a: no special abilities


You were on level 1 of the Dungeon.
You were not hungry.

You visited 1 branch of the dungeon, and saw 1 of its levels.

You collected 8 gold pieces.

Inventory:

Hand weapons
 b - a +2 blowgun
Armour
 d - a +0 ring mail (worn)
Scrolls
 f - a scroll of noise {unknown}
Books
 c - the Catalogue of the Rocks

   Spells                             Type                      Level
   a - Sandblast                      Earth                        1
   b - Stoneskin                      Transmutation/Earth          2
Comestibles
 e - a bread ration


   Skills:
   Level 2.0 Bows
 - Level 1.0 Throwing
 - Level 3.0 Armour
 - Level 1.0 Stealth
 + Level 1.0 Unarmed Combat
   Level 2.0 Hexes
   Level 1.0 Ice Magic


You couldn't memorise any spells.
You didn't know any spells.

Dungeon Overview and Level Annotations

Branches:
Dungeon (1/15)

Altars:


Message History

The curare-tipped needle closely misses the giant gecko.
a - a curare-tipped needle Firing (i - inventory):
a - a curare-tipped needle (quivered)
Press: ? - help, Shift-Dir - straight line, f - giant newt, p - giant gecko
Aim: a giant newt You shoot a curare-tipped needle.
The curare-tipped needle hits the giant gecko.
The giant gecko is poisoned.
The giant gecko convulses.
You kill the giant gecko!
Your Unarmed Combat skill increases to level 1!
You are now empty-handed.
You barely miss the giant newt.
The giant newt bites you but does no damage.
You closely miss the giant newt. The giant newt barely misses you.
You barely miss the giant newt. The giant newt bites you.
* * * LOW HITPOINT WARNING * * *
You closely miss the giant newt.
The giant newt bites you but does no damage.
You barely miss the giant newt. The giant newt bites you.
You die...

#..####..# ...
#..# #..# ..#
#..# #..####..#
#..# #........#
#..####........#
.............#
........###..#
........# .#
.#####.@# # #.l#
#.$. #....
#[.... #...##.
#...# .. ..(..
.#


You could see a giant newt.

Vanquished Creatures
  A bat (D:1)
  2 giant geckos (D:1)
  A kobold (D:1)
4 creatures vanquished.

Notes
Turn   | Place    | Note
--------------------------------------------------------------
     0 | D:1      | Geeful the Human Wanderer began the quest for the Orb.
     0 | D:1      | Geeful set off with: 2 curare-tipped needles, a +2 blowgun, the Catalogue of the Rocks, a +0 ring mail, a bread ration, a !bad item (cl:100,ty:0,pl:0,pl2:0,sp:0,qu:0), a !bad item (cl:100,ty:0,pl:0,pl2:0,sp:0,qu:0), a !bad item (cl:100,ty:0,pl:0,pl2:0,sp:0,qu:0), a !bad item (cl:100,ty:0,pl:0,pl2:0,sp:0,qu:0), a !bad item (cl:100,ty:0,pl:0,pl2:0,sp:0,qu:0), a !bad item (cl:100,ty:0,pl:0,pl2:0,sp:0,qu:0), a !bad item (cl:100,ty:0,pl:0,pl2:0,sp:0,qu:0), a !bad item (cl:100,ty:0,pl:0,pl2:0,sp:0,qu:0), a !bad item (cl:100,ty:0,pl:0,pl2:0,sp:0,qu:0), a !bad item (cl:100,ty:0,pl:0,pl2:0,sp:0,qu:0), a !bad item (cl:100,ty:0,pl:0,pl2:0,sp:0,qu:0), a !bad item (cl:100,ty:0,pl:0,pl2:0,sp:0,qu:0), a !bad item (cl:100,ty:0,pl:0,pl2:0,sp:0,qu:0), a !bad item (cl:100,ty:0,pl:0,pl2:0,sp:0,qu:0), a !bad item (cl:100,ty:0,pl:0,pl2:0,sp:0,qu:0), a !bad item (cl:100,ty:0,pl:0,pl2:0,sp:0,qu:0), a !bad item (cl:100,ty:0,pl:0,pl2:0,sp:0,qu:0), a !bad item (cl:100,ty:0,pl:0,pl2:0,sp:0,qu:0), a !bad item (cl:100,ty:0,pl:0,pl2:0,sp:0,qu:0), a !bad item (cl:100,ty:0,pl:0,pl2:0,sp:0,qu:0), a !bad item (cl:100,ty:0,pl:0,pl2:0,sp:0,qu:0), a !bad item (cl:100,ty:0,pl:0,pl2:0,sp:0,qu:0), a !bad item (cl:100,ty:0,pl:0,pl2:0,sp:0,qu:0), a !bad item (cl:100,ty:0,pl:0,pl2:0,sp:0,qu:0), a !bad item (cl:100,ty:0,pl:0,pl2:0,sp:0,qu:0), a !bad item (cl:100,ty:0,pl:0,pl2:0,sp:0,qu:0), a !bad item (cl:100,ty:0,pl:0,pl2:0,sp:0,qu:0), a !bad item (cl:100,ty:0,pl:0,pl2:0,sp:0,qu:0), a !bad item (cl:100,ty:0,pl:0,pl2:0,sp:0,qu:0), a !bad item (cl:100,ty:0,pl:0,pl2:0,sp:0,qu:0), a !bad item (cl:100,ty:0,pl:0,pl2:0,sp:0,qu:0), a !bad item (cl:100,ty:0,pl:0,pl2:0,sp:0,qu:0), a !bad item (cl:100,ty:0,pl:0,pl2:0,sp:0,qu:0), a !bad item (cl:100,ty:0,pl:0,pl2:0,sp:0,qu:0), a !bad item (cl:100,ty:0,pl:0,pl2:0,sp:0,qu:0), a !bad item (cl:100,ty:0,pl:0,pl2:0,sp:0,qu:0), a !bad item (cl:100,ty:0,pl:0,pl2:0,sp:0,qu:0), a !bad item (cl:100,ty:0,pl:0,pl2:0,sp:0,qu:0), a !bad item (cl:100,ty:0,pl:0,pl2:0,sp:0,qu:0), a !bad item (cl:100,ty:0,pl:0,pl2:0,sp:0,qu:0), a !bad item (cl:100,ty:0,pl:0,pl2:0,sp:0,qu:0), a !bad item (cl:100,ty:0,pl:0,pl2:0,sp:0,qu:0), a !bad item (cl:100,ty:0,pl:0,pl2:0,sp:0,qu:0), a !bad item (cl:100,ty:0,pl:0,pl2:0,sp:0,qu:0), a !bad item (cl:100,ty:0,pl:0,pl2:0,sp:0,qu:0), a !bad item (cl:100,ty:0,pl:0,pl2:0,sp:0,qu:0), a !bad item (cl:100,ty:0,pl:0,pl2:0,sp:0,qu:0)
     0 | D:1      | Reached XP level 1. HP: 13/13 MP: 1/1
   362 | D:1      | Reached skill level 1 in Unarmed Combat
   368 | D:1      | Slain by a giant newt

Vault maps used:
D:1:      dpeg_arrival_boxorama

Action                   || total
-------------------------++-------
Melee: Unarmed           ||    44
 Fire: Blowgun           ||     3
